Map: Moondance

Players

Timorus - Winner!

  • Race: Terran Terran
  • Spawn Location: 12:00

Padre

  • Race: Protoss Protoss
  • Spawn Location: 6:00

Event: DreamHack SC2 Masters 2022 Atlanta (Offline)

VOD

Have the link to the VOD?

Description

Time

  • Played on: Nov. 18, 2022, 11:19 a.m.
  • Length: 4:01

All games in this series

Show
View Real Time Build Order
Export as new Build Order

Timorus Terran - Winner!

Build Orders:  

Get SALT Encoding   

  12  0:00  SCV  
  13  0:12  SCV  
  14  0:17  Supply Depot  
  14  0:24  SCV  
  15  0:38  SCV  
  15  0:40  Barracks  
  16  0:46  Supply Depot  
  16  0:50  SCV  
  17  1:02  SCV  
  17  1:04  Barracks  
  18  1:15  SCV  
  19  1:27  Orbital Command, Marine  
  19  1:30  Barracks  
  20  1:40  Barracks  
  20  1:44  Marine  
  21  1:51  Marine  
  22  1:59  Barracks  
  22  2:02  Marine  
  22  2:03  SCV  
  24  2:09  Marine  
  25  2:15  SCV  
  25  2:16  Supply Depot  
  25  2:17  Marine  
  25  2:20  Marine  
  28  2:27  SCV, Marine  
  28  2:28  Marine  
  31  2:37  Marine  
  31  2:38  Marine  
  33  2:45  Marine  
  33  2:46  Marine  
  33  2:47  Marine  
  36  2:55  Marine  
  36  2:56  Marine  
  38  3:14  Marine  
  38  3:15  Marine  
  36  3:27  Marine  
  36  3:34  Marine  
Show
View Real Time Build Order
Export as new Build Order

Padre Protoss 

Build Orders:  

Get SALT Encoding   

  12  0:00  Probe  
  13  0:12  Probe  
  14  0:17  Pylon  
  14  0:24  Probe (Chrono Boost)  
  15  0:36  Probe (Chrono Boost)  
  15  0:37  Gateway  
  16  0:44  Probe (Chrono Boost)  
  16  0:45  Assimilator  
  17  0:51  Probe  
  18  1:03  Probe  
  19  1:15  Probe  
  20  1:24  Cybernetics Core  
  20  1:25  Zealot  
  22  1:30  Pylon  
  22  1:33  Probe  
  23  1:52  Assimilator  
  23  1:58  Stalker (Chrono Boost)  
  24  2:02  Gateway  
  24  2:04  Probe  
  25  2:16  Probe  
  25  2:18  Warp Gate  
  26  2:28  Probe  
  27  2:34  Twilight Council  
  29  2:40  Probe, Stalker (Chrono Boost)  
  29  2:44  Pylon  
  30  2:58  Pylon  
  30  2:59  Pylon  
  30  3:02  Stalker (Chrono Boost)  
  30  3:03  Pylon  
  32  3:11  Shield Battery  
Tags
 
Add a new tag
Caveats
  • Supply blocks, unpowered buildings, or Contaminate may cause inaccurate times.
  • Supply counts are checked every 10 seconds.